 Dungeon Crawl Stone Soup version 0.29.0-7-g18a832c13a (webtiles) character file.

Game seed: 11157894853827801930

1145 Zeldest the Chopper (level 8, -1/64 HPs)
             Began as a Mummy Chaos Knight on Aug 30, 2022.
             Was an Initiate of Qazlal.
             Constricted to death by Duvessa (3 damage)
             ... on level 6 of the Dungeon.
             The game lasted 00:09:02 (7061 turns).

Zeldest the Chopper (Mummy Chaos Knight)            Turns: 7061, Time: 00:09:02

Health: -1/64      AC:  9    Str: 21    XL:     8   Next: 15%
Magic:  0/2        EV:  6    Int: 12    God:    Qazlal [......]
Gold:   352        SH:  0    Dex: 11    Spells: 7/7 levels left

rFire   . . .      SeeInvis .   f - +5 whip of Glory {antimagic, rElec Will+ Str+4}
rCold   . . .      Faith    .   (no shield)
rNeg    + + +      Spirit   +   a - +0 scale mail
rPois   ∞          Reflect  .   (no helmet)
rElec   +          Harm     .   n - +0 cloak
rCorr   .          Rampage  .   (no gloves)
Will    ++...                   u - +1 pair of boots
Stlth   ..........              j - amulet of guardian spirit
HPRegen 0.20/turn               m - ring of fire
MPRegen 0.08/turn               (no ring)

@: about to teleport, grasped by roots, constricted, studying Throwing
A: cold resistance 1, negative energy resistance 3, torment resistance 2, heat
vulnerability 1, in touch with death 1, no potions
a: Renounce Religion


You were on level 6 of the Dungeon.
You worshipped Qazlal.
Qazlal was noncommittal.
You visited 2 branches of the dungeon, and saw 7 of its levels.
You also visited: Sewer.

You collected 352 gold pieces.

Inventory:

Hand Weapons
 f - the +5 whip of Glory (weapon) {antimagic, rElec Will+ Str+4}
   (You found it on level 2 of the Dungeon)

   It reduces the magical energy of the wielder, and disrupts the spells and
   magical abilities of those it strikes.
   Natural abilities and divine invocations are not affected.
   Str:       It affects your strength (+4).
   rElec:     It insulates you from electricity.
   Will:      It increases your willpower.
 q - a +0 broad axe
Missiles
 p - a throwing net
Armour
 a - a +0 scale mail (worn)
 n - a +0 cloak (worn)
 u - a +1 pair of boots (worn)
Jewellery
 j - an amulet of guardian spirit (around neck)
 m - a ring of fire (left hand)
Scrolls
 d - a scroll of torment {unknown}
 e - 5 scrolls of identify
 g - 2 scrolls of immolation
 h - a scroll of amnesia {unknown}
 i - 4 scrolls of noise
 k - 2 scrolls of teleportation
 l - a scroll of enchant armour {unknown}
 s - a scroll of blinking
 t - a scroll of enchant weapon {unknown}
Miscellaneous
 c - a piece from Xom's chessboard (15/15) (quivered)


   Skills:
 + Level 6.2 Fighting
 * Level 7.0 Axes
 - Level 1.5 Armour
 - Level 0.7 Dodging
 + Level 1.2 Invocations


You had 7 spell levels left.
You didn't know any spells.
Your spell library contained the following spells:

 Spells                   Type           Power      Damage    Failure   Level
 Necrotise                Necr           0%         1d4       67%         1
 Static Discharge         Conj/Air       0%         3-3/arc   80%         2
 Dazzling Flash           Conj/Hex       0%         N/A       95%         3
 Vampiric Draining        Necr           0%         2d6       95%         3
 Dispel Undead            Necr           0%         3d6       100%        4
 Sticky Flame             Conj/Fire      0%         2d3       100%        4
 Agony                    Necr           0%         N/A       100%        5
 Silence                  Hex/Air        0%         N/A       100%        5


Dungeon Overview and Level Annotations

Branches:
Dungeon (6/15)             Temple (1/1) D:5           Sewer (visited)

Altars:
Ashenzari
Cheibriados
Dithmenos
Fedhas
Gozag
Kikubaaqudgha
Makhleb
Nemelex Xobeh
Okawaru
Qazlal
Ru
Sif Muna
Uskayaw
Vehumet
Wu Jian
Xom
Yredelemnul

Shops:
D:1 [

Annotations:
D:6 Dowan, Duvessa


Innate Abilities, Weirdness & Mutations

You are immune to poison.
Your flesh is cold resistant. (rC+)
You are immune to negative energy. (rN+++)
You are immune to unholy pain and torment.
You are vulnerable to heat. (rF-)
You are in touch with the powers of death.
You do not drink.


Message History

Aim: Duvessa, wielding a +2 rapier of holy wrath, wearing a +0 leather armour and carrying a wand of roots (2) (chance to affect: 31%) Duvessa easily resists.
Duvessa hits you with a +2 rapier of holy wrath.
* * * LOW HITPOINT WARNING * * *
You convulse.
* * * LOW HITPOINT WARNING * * *
The grasping roots constrict you.
* * * LOW HITPOINT WARNING * * *
The grasping roots release their grip on you.
Aiming: Paralyse
Press: ? - help, Shift-Dir - straight line, f/p - Duvessa
Aim: Duvessa, wielding a +2 rapier of holy wrath, wearing a +0 leather armour and carrying a wand of roots (2) (chance to affect: 31%) Duvessa easily resists.
The now-empty wand crumbles to dust.
Duvessa says, "I don't care about looks, I care about technique!"
Duvessa hits you with a +2 rapier of holy wrath!
* * * LOW HITPOINT WARNING * * *
You convulse!
* * * LOW HITPOINT WARNING * * *
Blink to where?
Press: ? - help, Dir - move target, p - Duvessa
As you read the scroll of blinking, it crumbles to dust.
As you read the scroll labelled BAFOFF RISTRI, it crumbles to dust.
The creatures around you are filled with an inner flame!
It was a scroll of immolation.
As you read the scroll labelled HATULY ZAUSIBA, it crumbles to dust.
It is a scroll of identify.
i - 4 scrolls of noise A shadow imp comes into view.
As you read the scroll labelled ALIETI ZOICRUSARU, it crumbles to dust.
You feel strangely unstable.
It was a scroll of teleportation.
The shadow imp shouts!
You hear a shout! x2
An orc comes into view. It is wielding a +0 flail.
The orc shouts!
Your surroundings seem slightly different.
As you read the scroll of teleportation, it crumbles to dust.
You feel strangely unstable.
Duvessa zaps a wand.
The roots erupt in riotous growth!
The grasping roots grab you! The grasping roots constrict you.
You die...

+ ### # #. ..... # #.
####### .... ..
###.#####.....# ... ##
#..o..........##### #e
#.............#...# #.
#....5........#[..####
+......^...e.e'..§'.e.
#....@....#####...####
#.........# #...# #.
#........§### #...# #.
#...........# ##### #.
### ########....# #.
... #....# #! ....
#....# #. ..... #....#
#. .....##### #....#


You could see Duvessa (inner flame), a shadow imp and an orc.

Vanquished Creatures
  A wyvern (D:4)
  2 ogres
  A bullfrog (Sewer)
  A jelly (D:5)
  3 orc priests
  Crazy Yiuf (D:2)
  5 orc wizards
  2 iguanas
  18 gnolls
  12 adders
  A river rat (D:4)
  An adder zombie (D:2)
  2 worms
  A dart slug (D:1)
  11 orcs
  7 ball pythons
  2 bat zombies (D:2)
  8 endoplasms
  11 giant cockroaches
  4 goblins
  9 hobgoblins
  10 jackals
  8 quokkas
  A ball python skeleton (D:2)
  6 bats
  14 frilled lizards
  A jackal zombie (D:2)
  9 kobolds
  6 rats
158 creatures vanquished.

Vanquished Creatures (collateral kills)
  A dart slug (D:1)
  A hobgoblin (D:4)
2 creatures vanquished.

Vanquished Creatures (others)
  A bat zombie (D:1)
  9 withered plants
10 creatures vanquished.

Grand Total: 170 creatures vanquished

Notes
Turn   | Place    | Note
-------+----------+-------------------------------------------
     0 | D:1      | Zeldest the Mummy Chaos Knight began the quest for the Orb.
     0 | D:1      | Reached XP level 1. HP: 18/18 MP: 1/1
   158 | D:1      | Reached XP level 2. HP: 24/24 MP: 2/2
   173 | D:1      | Reached skill level 3 in Axes
   352 | D:1      | Found Vomoqek's Antique Armour Shop.
   544 | D:1      | Gained mutation: You are in touch with the powers of death.
                  | [Mummy growth]
   544 | D:1      | Reached XP level 3. HP: 25/29 MP: 3/3
   798 | D:2      | XOM: silly message
   857 | D:2      | Identified the +5 whip of Glory {antimagic, rElec Will+
                  | Str+4}
   907 | D:2      | XOM: butterfly on damage
   913 | D:2      | Reached XP level 4. HP: 3/37 MP: 1/4
  1057 | D:2      | XOM: scenery: create altars
  1070 | D:2      | XOM: god gift: 15 gold pieces
  1459 | D:2      | XOM: swap monsters
  1469 | D:2      | Reached skill level 4 in Axes
  1590 | D:2      | XOM: stat loss: -1 Int (10/11)
  1642 | D:2      | Reached XP level 5. HP: 42/42 MP: 1/5
  1796 | D:2      | XOM is BORED!
  1796 | D:2      | XOM: silly message
  2052 | D:2      | Found a runed translucent door.
  2053 | D:2      | Noticed Crazy Yiuf
  2162 | D:2      | Killed Crazy Yiuf
  2196 | D:2      | XOM: cloud trail
  2353 | D:3      | Found a shadowy altar of Dithmenos.
  2353 | D:3      | XOM: 7-stop teleportation journey
  2510 | D:3      | XOM: 10-stop teleportation journey
  2814 | D:4      | Noticed a wyvern
  2818 | D:4      | XOM: confuse monster(s)
  2821 | D:4      | Killed a wyvern
  2822 | D:4      | Reached skill level 5 in Axes
  2822 | D:4      | Reached XP level 6. HP: 10/49 MP: 0/6
  2963 | D:3      | XOM: god gift: scroll labelled EWEJOKK LURIA {god gift}
  3188 | D:4      | Found an ancient bone altar of Kikubaaqudgha.
  3218 | D:4      | XOM: summons friendly shadow imp
  3227 | D:4      | Reached skill level 5 in Fighting
  3314 | D:4      | Found a glowing drain.
  3318 | Sewer    | Entered a sewer
  3384 | Sewer    | XOM: 2-stop teleportation journey
  3406 | Sewer    | Reached XP level 7. HP: 30/56 MP: 2/7
  3412 | Sewer    | XOM: polymorph frilled lizard -> adder
  3696 | Sewer    | XOM: cloud trail
  3793 | Sewer    | XOM: summons 1 hostile demon
  3997 | D:4      | XOM: smoke on damage
  4027 | D:4      | Reached skill level 6 in Axes
  4152 | D:4      | XOM: stat loss: -1 Int (11/12)
  4165 | D:4      | Found a sacrificial altar of Ru.
  4188 | D:4      | XOM: chaos upgrade
  4574 | D:4      | XOM: swap monsters
  4719 | D:5      | Entered Level 5 of the Dungeon
  5427 | D:5      | XOM: confusion
  5432 | D:5      | XOM: swap monsters
  5583 | D:5      | XOM: summons 2 hostile demons
  5657 | D:5      | Found a staircase to the Ecumenical Temple.
  5814 | D:5      | XOM: enchant monster (bad)
  5841 | Temple   | Entered the Ecumenical Temple
  5936 | Temple   | Fell from the grace of Xom
  5936 | Temple   | Became a worshipper of Qazlal Stormbringer
  6531 | D:6      | XOM: enchant monster (bad)
  6532 | D:6      | Noticed Duvessa
  6706 | D:5      | XOM: enchant monster (bad)
  6708 | D:5      | Reached XP level 8. HP: 34/64 MP: 0/8
  6911 | D:6      | Reached skill level 1 in Invocations
  6973 | D:6      | XOM: 2-stop teleportation journey
  7045 | D:6      | Reached skill level 7 in Axes
  7051 | D:6      | Noticed Dowan
  7053 | D:6      | HP: 1/64 [Duvessa/+2 rapier of holy wrath (8)]
  7061 | D:6      | Constricted to death by Duvessa

Illustrated notes

Levels and vault maps discovered:
D:1:      eino_arrival_cavern_c, layout_basic, serial_shops, nicolae_shop_stone,
          serial_bayou_pond_b, chequers_serial_rivers_room_b
D:2:      kennysheep_big_flooded_room, layout_loops_ring, serial_undead,
          serial_undead_e, serial_undead_e, serial_undead_d, serial_undead_a,
          bh_walls_and_bars, uniq_crazy_yiuf_cottage
D:3:      layout_rooms, mainiacjoe_overflow_cross_hatched
D:4:      layout_loops_ring, nicolae_ru_sacrificial_ziggurat,
          kiku_gazebo_garden_becter, gup_sewer_entry_bowl, minmay_manual_moon
D:5:      lemuel_ice_spiral_2, layout_basic, minmay_misc_feat_doors
D:6:      layout_basic, hangedman_glass_teeth, uniq_duvessa
Temple:   minmay_temple_bridge_d

Skill      XL: |  1  2  3  4  5  6  7  8 |
---------------+-------------------------+-----
Axes           | 3 4 5 6 7 |  7.0
Fighting       | 4 5 6 |  6.2
Invocations    | 1 |  1.2
Armour         | |  1.5
Dodging        | |  0.7

Action                   |  1- 3 |  4- 6 |  7- 9 || total
-------------------------+-------+-------+-------++-------
Melee: Hand axe          |    68 |       |       ||    68
       Whip              |    15 |   190 |   256 ||   461
       Punch             |       |       |     1 ||     1
Evoke: Piece from Xom's  |       |     2 |       ||     2
       Wand              |       |       |     4 ||     4
  Use: Scroll            |       |     1 |     5 ||     6
 Stab: Petrified         |       |     7 |       ||     7
Armor: Leather armour    |    34 |       |       ||    34
       Scale mail        |       |   105 |   104 ||   209
Dodge: Dodged            |    67 |    90 |   105 ||   262
